 Dungeon Crawl Stone Soup version 0.21.1-1-g345015f (webtiles) character file.

135 inc the Magician (level 5, -1/31 HPs)
             Began as an Octopode Conjurer on Mar 16, 2018.
             Killed by divine providence
             ... invoked by an orc priest
              (11 damage)
             ... on level 3 of the Dungeon.
             The game lasted 00:04:21 (2925 turns).

inc the Magician (Octopode Conjurer)                Turns: 2925, Time: 00:04:22

Health: -1/31      AC:  1    Str:  8    XL:     5   Next: 18%
Magic:  1/12       EV: 13    Int: 18    God:
Gold:   185        SH:  3    Dex: 12    Spells: 10/13 levels left

rFire    . . .     SeeInvis .   (no weapon)
rCold    . . .     Gourm    .   (no shield)
rNeg     . . .     Faith    .   (helmet restricted)
rPois    .         Spirit   .   m - +3 amulet of reflection
rElec    .         Reflect  +   (no ring)
rCorr    .         Harm     .   (no ring)
MR       .....                  (no ring)
Stlth    +++.......             (no ring)
HPRegen  0.10/turn              (no ring)
MPRegen  0.13/turn              (no ring)
                                (no ring)
                                (no ring)

@: no status effects
A: almost no armour, stealthy swim, amphibious, 8 rings, constrict 8, camouflage
1, gelatinous body 1
a: no special abilities


You were on level 3 of the Dungeon.
You were not hungry.

You visited 1 branch of the dungeon, and saw 3 of its levels.

You collected 185 gold pieces.

Inventory:

Jewellery
 g - a -4 ring of protection
 m - a +3 amulet of reflection (around mantle)
Scrolls
 f - 3 scrolls of noise {unknown}
 h - 5 scrolls of identify {unknown}
 i - a scroll of enchant armour {unknown}
 j - a scroll of fear {unknown}
 k - a scroll of remove curse
Potions
 c - 2 potions of heal wounds {unknown}
 d - a potion of resistance {unknown}
 e - a potion of haste {unknown}
 l - 2 potions of flight {unknown}
 n - a potion of might {unknown}
Books
 a - a book of Conjurations

   Spells                             Type                      Level
   a - Magic Dart                     Conjuration                  1
   b - Searing Ray                    Conjuration                  2
   c - Dazzling Spray                 Conjuration/Hexes            3
   d - Fulminant Prism                Conjuration/Hexes            4
   e - Force Lance                    Conjuration/Translocation    4
   f - Iskenderun's Mystic Blast      Conjuration                  4
Comestibles
 b - 3 rations
 o - a chunk of flesh


   Skills:
 - Level 2.0 Dodging
 - Level 2.6 Stealth
 + Level 4.8 Spellcasting
 - Level 4.0 Conjurations


You had 10 spell levels left.
You knew the following spells:

 Your Spells              Type           Power        Failure   Level  Hunger
a - Magic Dart            Conj           ###.         2%          1    None
b - Searing Ray           Conj           ###...       4%          2    #......


Dungeon Overview and Level Annotations

Branches:
Dungeon (3/15)

Altars:
Ashenzari
Trog


Innate Abilities, Weirdness & Mutations

You cannot wear most types of armour.
You are very stealthy in the water. (Stealth+)
You are amphibious.
You can wear up to eight rings at the same time.
You can use your tentacles to constrict eight enemies at once.
Your skin changes colour to match your surroundings (Stealth+).
Your rubbery body absorbs attacks. (AC +1, EV +1)


Message History

The orc priest is heavily wounded. (Press . to maintain the ray.)
The orc priest barely misses you.
Without enough magic to sustain it, your searing ray dissipates.
The orc priest barely misses you.
The orc priest casts a cantrip, but nothing happens.
You block the orc priest's attack.
Casting: Searing Ray
Confirm with . or Enter, or press ? or * to list all spells.
You don't have enough magic to cast that spell.
Unknown command.
The orc priest calls down the wrath of Beogh upon you.
Beogh smites you!
There is an open door here.
The orc priest mumbles some strange prayers to Beogh against you.
Beogh smites you!
* * * LOW HITPOINT WARNING * * *
The orc priest invokes the aid of Beogh against you.
Beogh smites you!
You die...

.......#.....#'###.#
#....
##.....#.####...##.#
####.
.......#........##.#
#.
....#########...##.#
#. ....# #...##.# #.
....# #...##.# #.
##### ####...##.# ##
#.......#.# #
#......@'.###### #
#.......##.....# #
#.......##.....#######
#
####'#####...........#
# #o# #...........# #
#.# #...........###
...'..†b#
+...........'..
..)######
#...........###
######......# #


You could see an orc priest.

Vanquished Creatures
  Terence (D:2)
  The ghost of inc the Ducker, a weakling FeMo (D:3)
  2 adders
  2 worms
  2 dart slugs
  3 leopard geckos
  2 orcs
  7 bats
  2 giant cockroaches
  10 goblins
  4 hobgoblins
  3 jackals (D:2)
  12 kobolds
  A quokka (D:3)
  A ball python (D:2)
  3 frilled lizards
  8 rats
64 creatures vanquished.

Notes
Turn   | Place    | Note
-------+----------+-------------------------------------------
     0 | D:1      | inc the Octopode Conjurer began the quest for the Orb.
     0 | D:1      | Reached XP level 1. HP: 11/11 MP: 3/3
   226 | D:1      | Reached XP level 2. HP: 17/17 MP: 1/5
   579 | D:1      | Reached XP level 3. HP: 21/21 MP: 4/7
   801 | D:2      | Found a faded altar of an unknown god.
   988 | D:2      | Noticed Terence
  1053 | D:2      | Learned a level 2 spell: Searing Ray
  1229 | D:2      | Reached XP level 4. HP: 27/27 MP: 3/9
  1892 | D:2      | Killed Terence
  2511 | D:3      | Noticed inc's ghost (weakling FeMo)
  2516 | D:3      | Killed inc's ghost
  2544 | D:3      | Found a shattered altar of Ashenzari.
  2580 | D:3      | Reached XP level 5. HP: 31/31 MP: 8/12
  2597 | D:3      | Found a bloodstained altar of Trog.
  2925 | D:3      | Killed from afar by an orc priest

Skill      XL: |  1  2  3  4 |
---------------+-------------+-----
Spellcasting   | 3 4 |  4.8
Dodging        | |  2.0
Stealth        | |  2.6
Conjurations   | |  4.0

Action                   |  1- 3 |  4- 6 || total
-------------------------+-------+-------++-------
Melee: Unarmed           |    24 |       ||    24
       Constrict         |     5 |       ||     5
       Tentacles         |     3 |       ||     3
 Cast: Magic Dart        |    72 |    50 ||   122
       Searing Ray       |       |    10 ||    10
  Use: Scroll            |     1 |       ||     1
  Eat: Chunk             |     1 |     5 ||     6
Armor: Skin              |     6 |       ||     6
Dodge: Dodged            |    23 |    18 ||    41
Block: Other             |       |     1 ||     1
